 Dungeon Crawl Stone Soup version 0.27.1-1-g398f81649c (webtiles) character file.

Game seed: 12143156816319681610

821 MajorAdolf the Skirmisher (level 7, -1/69 HPs)
             Began as a Naga Wanderer on Sept 11, 2021.
             Slain by an ice beast (9 damage)
             ... on level 6 of the Dungeon.
             The game lasted 00:13:34 (9703 turns).

MajorAdolf the Skirmisher (Naga Wanderer)           Turns: 9703, Time: 00:13:35

Health: -1/69      AC:  6    Str: 14    XL:     7   Next: 95%
Magic:  17/17      EV:  7    Int: 16    God:
Gold:   172        SH:  8    Dex:  9    Spells: 6/8 levels left

rFire    . . .     SeeInvis +   h - +2 dagger (venom)
rCold    . . .     Faith    .   n - +0 kite shield
rNeg     + . .     Spirit   .   b - +2 robe {rN+}
rPois    +         Reflect  .   (no helmet)
rElec    .         Harm     .   e - +0 cloak
rCorr    .         Rampage  .   (no gloves)
Will     .....                  (no barding)
Stlth    +.........             (no amulet)
HPRegen  0.21/turn              w - ring of magical power
MPRegen  0.15/turn              (no ring)

@: hasted, quick
A: AC +2, large, see invisible, deformed body, poison resistance, slowness 2,
spit poison 1, naga tail 1
a: Spit Poison


You were on level 6 of the Dungeon.
You visited 1 branch of the dungeon, and saw 6 of its levels.
You also visited: Sewer.

You collected 172 gold pieces.

Inventory:

Hand Weapons
 a - a +2 hand axe
 h - a +2 dagger of venom (weapon)
Armour
 b - a +2 robe of positive energy (worn)
 c - a +0 robe
 e - a +0 cloak (worn)
 n - a +0 kite shield (worn)
Jewellery
 w - a ring of magical power (left hand)
Scrolls
 d - 2 scrolls of teleportation
 j - a scroll of immolation
 o - 2 scrolls of magic mapping {unknown}
 p - a scroll of fear {unknown}
 q - a scroll of enchant armour {unknown}
 s - 2 scrolls of fog {unknown}
 u - 4 scrolls of enchant weapon {unknown}
 v - 3 scrolls of identify
 y - a scroll of holy word {unknown}
 z - 2 scrolls of noise {unknown}
Potions
 f - 2 potions of flight
 g - a potion of invisibility {unknown}
 i - a potion of curing {unknown}
 k - 2 potions of heal wounds {unknown}
 l - 2 potions of haste
 m - 2 potions of degeneration {unknown}
 r - 2 potions of brilliance {unknown}
 t - a potion of experience {unknown}
 x - 2 potions of might {unknown}
 A - a potion of mutation {unknown}


   Skills:
 + Level 6.2 Fighting
 - Level 3.0 Axes
 - Level 1.0 Throwing
 + Level 3.3 Shields
 - Level 1.0 Spellcasting
 - Level 2.0 Hexes
 + Level 4.1 Necromancy
 - Level 1.0 Evocations


You had 6 spell levels left.
You knew the following spells:

 Your Spells              Type           Power      Damage    Failure   Level
a - Apportation           Tloc           0%         N/A       58%         1
b - Pain                  Necr           56%        1d6       14%         1

Your spell library contained the following spells:

 Spells                   Type           Power      Damage    Failure   Level
 Tukima's Dance           Hex            7%         N/A       69%         3
 Passwall                 Tmut/Erth      0%         N/A       75%         2
 Swiftness                Air            0%         N/A       92%         3
 Teleport Other           Tloc           0%         N/A       92%         3
 Agony                    Necr           14%        N/A       98%         5
 Excruciating Wounds      Necr           7%         N/A       98%         5
 Passage of Golubria      Tloc           N/A        N/A       100%        4
 Yara's Violent Unravell  Hex/Tmut       2%         3d3       100%        5
 Invisibility             Hex            3%         N/A       100%        6


Dungeon Overview and Level Annotations

Branches:
Dungeon (6/15)              Sewer (visited)
 Temple: D:4-7

Altars:
Gozag
Nemelex Xobeh
Trog

Shops:
D:5 *


Innate Abilities, Weirdness & Mutations

Your serpentine skin is tough. (AC +2)
You have supernaturally acute eyesight. (SInv)
Armour fits poorly on your strangely shaped body.
Your system is resistant to poisons. (rPois)
You cover ground very slowly.
You can spit poison.
You have a snake-like lower body.


Message History

The ice beast is lightly wounded.
You have got your breath back.
You block the ice beast's attack.
You hit the ice beast.
The ice beast is moderately wounded.
The ice beast hits you. The ice beast freezes you!
The ice beast closely misses you.
You hit the ice beast but do no damage.
The ice beast is moderately wounded.
The ice beast hits you. The ice beast freezes you!
You aren't carrying any items that you can evoke.
You feel yourself speed up. The ice beast barely misses you.
Unknown command.
You hit the ice beast.
The ice beast is moderately wounded.
The ice beast hits you but does no damage.
You hit the ice beast.
The ice beast is moderately wounded.
You hit the ice beast but do no damage.
The ice beast is moderately wounded.
The ice beast hits you. The ice beast freezes you.
You hit the ice beast.
The ice beast is poisoned.
The ice beast is moderately wounded.
You block the ice beast's attack.
You hit the ice beast.
The ice beast looks as sick as possible!
The ice beast is heavily wounded.
The ice beast hits you but does no damage.
You barely miss the ice beast.
The ice beast is heavily wounded.
The ice beast hits you.
* * * LOW HITPOINT WARNING * * *
The ice beast freezes you!
* * * LOW HITPOINT WARNING * * *
You closely miss the ice beast.
The ice beast is heavily wounded.
The ice beast hits you.
* * * LOW HITPOINT WARNING * * *
The ice beast freezes you!
You die...

#### ##..## # #####....#
##.#.#.....#### ###
#..........#..### #.#
##......#..#>.####.##
#..@.........#.....#
......Y##....#..........
....... #....#.^......#.
......#....#####......##
#..##.#....# ##.##..##
.. ..#...## #....... .
## ..... ........ ..
.#..#>... .#####...)


You could see an ice beast (extremely poisoned).

Vanquished Creatures
  Eustachio (D:4)
  An ogre (D:5)
  3 scorpions
  3 orc priests
  A hound (D:4)
  An iguana (D:5)
  2 orc wizards
  8 adders
  3 river rats (Sewer)
  2 ufetubi (D:5)
  5 worms
  3 dart slugs
  12 orcs
  17 ball pythons
  3 bats
  7 endoplasms
  3 giant cockroaches (D:1)
  3 goblins
  5 hobgoblins
  2 jackals (D:1)
  6 kobolds
  4 quokkas
  4 frilled lizards
  15 rats
  2 rat zombies (D:5)
116 creatures vanquished.

Notes
Turn   | Place    | Note
-------+----------+-------------------------------------------
     0 | D:1      | MajorAdolf the Naga Wanderer began the quest for the Orb.
     0 | D:1      | MajorAdolf set off with the following items: a +2 hand axe,
                  | a potion of lignification, a +0 robe; and the following
                  | spell memorised: Apportation; and the following spells
                  | available to memorise: Teleport Other
     0 | D:1      | Reached XP level 1. HP: 19/19 MP: 2/2
   556 | D:1      | Reached XP level 2. HP: 26/27 MP: 3/3
  1009 | D:1      | Reached skill level 3 in Fighting
  1355 | D:1      | Reached XP level 3. HP: 21/34 MP: 4/4
  2270 | D:2      | Reached skill level 4 in Fighting
  2831 | D:2      | Reached XP level 4. HP: 22/44 MP: 5/5
  3054 | D:2      | Learned a level 1 spell: Pain
  4107 | D:3      | Found a glowing drain.
  4151 | Sewer    | Entered a sewer
  4304 | Sewer    | Reached skill level 1 in Necromancy
  4304 | Sewer    | Reached XP level 5. HP: 28/51 MP: 6/6
  4622 | Sewer    | Reached skill level 1 in Shields
  5149 | D:3      | Found an opulent altar of Gozag.
  6918 | D:4      | Reached skill level 5 in Fighting
  6918 | D:4      | Reached XP level 6. HP: 44/61 MP: 7/7
  7327 | D:4      | Noticed Eustachio
  7343 | D:5      | Entered Level 5 of the Dungeon
  7345 | D:5      | Found a sand-covered staircase.
  7362 | D:5      | HP: 1/91 [orc priest/divine providence (12)]
  7737 | D:4      | Reached XP level 7. HP: 27/67 MP: 8/8
  7970 | D:4      | Killed Eustachio
  8172 | D:5      | Found a sparkling altar of Nemelex Xobeh.
  8227 | D:5      | Reached skill level 6 in Fighting
  8702 | D:5      | Found a bloodstained altar of Trog.
  9445 | D:5      | Found Nanlielo's Neck Hole.
  9703 | D:6      | Slain by an ice beast

Illustrated notes

Levels and vault maps discovered:
D:1:      mrwooster_arrival_statue_2, layout_basic
D:2:      minmay_alternating_diamond, layout_loops_ring, chequers_arboretum,
          hangedman_decor_push, chequers_avenue
D:3:      layout_loops_ring, mainiacjoe_overflow_alcove_2,
          cheibrodos_sewer_entry_bend, chequers_serial_rivers_small_b
D:4:      layout_cave_pools, uniq_eustachio
D:5:      layout_basic, nemelex_spade_bored_becter,
          mainiacjoe_overflow_concentric_impassable, enter_ossuary_4,
          nicolae_shop_sticking_my_neck_out
D:6:      layout_cave_pools

Skill      XL: |  1  2  3  4  5  6  7 |
---------------+----------------------+-----
Fighting       | 3 4 5 6 |  6.2
Necromancy     | 1 2 3 4 |  4.1
Shields        | 1 2 3 |  3.3
Axes           | |  3.0
Throwing       | |  1.0
Spellcasting   | |  1.0
Hexes          | |  2.0
Evocations     | |  1.0

Action                   |  1- 3 |  4- 6 |  7- 9 || total
-------------------------+-------+-------+-------++-------
Melee: Hand axe          |    90 |    28 |       ||   118
       Dagger            |       |   183 |    90 ||   273
 Cast: Apportation       |     1 |       |       ||     1
       Pain              |       |     9 |     2 ||    11
 Abil: Spit Poison       |    12 |     8 |     5 ||    25
  Use: Scroll            |       |     4 |       ||     4
       Potion            |       |     1 |     1 ||     2
 Stab: Sleeping          |       |     1 |       ||     1
Armor: Robe              |    23 |    54 |    24 ||   101
       Skin              |       |     7 |       ||     7
Dodge: Dodged            |    32 |    51 |    35 ||   118
Block: Kite shield       |       |    64 |    40 ||   104
